Cogmind - Beta 10.2 @@@ ROGUE MODE // 2020.10.29 @ 22:28:59 // Winter2019/RPGLIKE Player: FontPeg Result: Destroyed by Y-45 Defender with Heavy Assault Rifle Performance ------------- Evolutions (2) 1000 Regions Visited (3) 600 Robots Destroyed (3) 15 Value Destroyed (126) 126 Prototype IDs (0) 0 Alien Tech Used (0) 0 Bonus (0) 0 TOTAL SCORE: 1741 Bonus ------- None Cogmind --------- Core Integrity 0/650 Matter 179/300 Energy 440/440 System Corruption 0% Temperature Cool (465) Movement Rolling (100) Ox2 Location -8/Materials Parts ------- > --- POWER (1) -------- Light Deuterium Engine > --- PROPULSION (2) --- Wheel Wheel > --- UTILITY (3) ------ Compact Battery Structural Scanner Reactive Plating > --- WEAPON (2) ------- Particle Gun Particle Gun > --- INVENTORY (3) ---- Light Treads Particle Gun Peak State ------------ > --- POWER ------------ Light Deuterium Engine > --- PROPULSION ------- Wheel Wheel > --- UTILITY ---------- Compact Battery Structural Scanner Reactive Plating > --- WEAPON ----------- Particle Gun Particle Gun > --- INVENTORY -------- Light Treads Particle Gun [Rating: 16] Favorites ----------- Power Ion Engine Engine Ion Engine Propulsion Wheel Wheel Wheel Utility Structural Scanner Device Structural Scanner Storage Compact Battery Protection Reactive Plating Weapon Particle Gun Energy Gun Particle Gun Ballistic Gun Light Assault Rifle Build | -11 -10 -9 -8 ------- Run | Scr Mat Mat Mat Slots Evolved 4 | 3 . . 1 Power . | . . . . Propulsion 1 | 1 . . . Utility 2 | 1 . . 1 Weapon 1 | 1 . . . Parts Attached 13 | 6 . 5 2 Power 2 | 1 . 1 . Engine 2 | 1 . 1 . Core . | . . . . Reactor . | . . . . Propulsion 2 | 2 . . . Treads . | . . . . Leg . | . . . . Wheel 2 | 2 . . . Hover . | . . . . Flight . | . . . . Utility 3 | . . 2 1 Device 1 | . . 1 . Storage 1 | . . . 1 Processor . | . . . . Hackware . | . . . . Protection 1 | . . 1 . Artifact . | . . . . Weapon 6 | 3 . 2 1 Energy Gun 4 | 1 . 2 1 Energy Cannon . | . . . . Ballistic Gun 2 | 2 . . . Ballistic Cannon . | . . . . Launcher . | . . . . Special Weapon . | . . . . Impact Weapon . | . . . . Slashing Weapon . | . . . . Piercing Weapon . | . . . . Special Melee Weapon . | . . . . Unidentified Prototypes . | . . . . Parts Lost . | . . . . Power . | . . . . Propulsion . | . . . . Utility . | . . . . Weapon . | . . . . Highest Loss Streak . | . . . . Average Slot Usage (%) 87 | . 71 85 100 Engine 13 | . 14 14 12 Wheel 26 | . 28 28 25 Device 8 | . . 9 12 Storage 4 | . . . 11 Protection 6 | . . 5 12 Energy Gun 21 | . 14 22 25 Ballistic Gun 5 | . 14 6 . Naked Turns . | . . . . Heaviest Build 23 | 7 7 22 23 Greatest Support 20 | 20 20 20 20 Greatest Overweight (x) 2 | 1 . 1 2 Average Overweight (x) . | . . . 1 Largest Inventory Capacity 3 | 3 3 3 3 Average Capacity 3 | 3 3 3 3 Most Carried 3 | 3 3 3 3 Average Carried 2 | 1 3 2 2 Final Capacity 3 | 3 3 3 3 Final Carried 3 | 3 3 3 2 Class Distribution -------------------- 100% | Mutant Dominant Class ---------------- Mutant | -10/Materials Mutant | -9/Materials Mutant | -8/Materials Resources | -11 -10 -9 -8 ----------- Run | Scr Mat Mat Mat Matter Collected 269 | 260 9 . . Remotely . | . . . . Salvage Created 119 | . 42 . 77 Parts 9 | . 1 . 8 Haulers Intercepted . | . . . . Recyclers Shooed . | . . . . Parts Field Recycled . | . . . . Retrieved Matter . | . . . . Parts Self-Destructed . | . . . . Prevented . | . . . . Kills | -11 -10 -9 -8 ------- Run | Scr Mat Mat Mat Combat Hostiles Destroyed 3 | . 1 . 2 Guns 3 | . 1 . 2 Classes Destroyed 2 | . 1 . 1 Grunt 2 | . 1 . 1 Sentry 1 | . . . 1 Best Kill Streak 2 | . 1 . 2 Combat Bots Only 2 | . 1 . 2 Max Kills in Single Turn 1 | . 1 . 1 Gunslinging . | . . . . Exploded . | . . . . Melee . | . . . . Uniques/NPCs Destroyed . | . . . . Combat | -11 -10 -9 -8 -------- Run | Scr Mat Mat Mat Damage Taken 1059 | . 128 . 931 Core 778 | . 112 . 666 Absorbed by Shields . | . . . . Redirected to Core 570 | . 50 . 520 Core Remaining (%) 87 | 100 81 82 . Volleys Fired 24 | . 9 . 15 Largest 2 | . 2 . 2 Hottest 130 | . 60 . 130 Shots Fired 48 | . 18 . 30 Gun 48 | . 18 . 30 Cannon . | . . . . Launcher . | . . . . Special . | . . . . Kinetic 9 | . 9 . . Thermal 39 | . 9 . 30 Explosive . | . . . . Electromagnetic . | . . . . Robot Hit Streak 9 | . 4 . 9 Robot Miss Streak 3 | . 3 . 3 Penetration Max . | . . . . Secondary Targets . | . . . . Shots Hit Robots 32 | . 12 . 20 Core Hits 9 | . 2 . 7 Critical Hits . | . . . . Critical Kills . | . . . . Critical Parts Destroyed . | . . . . Melee Attacks . | . . . . Impact . | . . . . Slashing . | . . . . Piercing . | . . . . Sneak Attacks . | . . . . Combat Hostiles . | . . . . Follow-up Attacks . | . . . . Damage Inflicted 391 | . 96 . 295 Guns 386 | . 96 . 290 Cannons . | . . . . Explosions . | . . . . Melee . | . . . . Ramming 5 | . . . 5 Kinetic 45 | . 45 . . Thermal 341 | . 51 . 290 Explosive . | . . . . Electromagnetic . | . . . . Impact . | . . . . Slashing . | . . . . Piercing . | . . . . Highest Corruption . | . . . . Average Corruption . | . . . . Corruption Purged . | . . . . Overload Shots . | . . . . Overflow Damage . | . . . . Projectiles . | . . . . Explosions . | . . . . Melee . | . . . . Knockbacks . | . . . . Impact . | . . . . Kinetic . | . . . . Secondary . | . . . . Self-Inflicted Damage 2 | . . . 2 Shots . | . . . . Rammed 1 | . . . 1 Targets Rammed 1 | . . . 1 Kicked . | . . . . Crushed . | . . . . Highest Temperature 521 | . 74 . 521 Average Temperature 241 | . 26 . 293 Received Heat Transfer 396 | . 72 . 324 Effects 13 | . . . 13 Shutdowns 3 | . . . 3 Energy Bleed 2 | . . . 2 Interference 7 | . . . 7 Matter Decay 1 | . . . 1 Siege Activations . | . . . . Robots Corrupted . | . . . . Combat Hostiles . | . . . . Parts Fried . | . . . . Impact Corruptions . | . . . . Robots Melted . | . . . . Combat Hostiles . | . . . . Parts Melted . | . . . . Heat Transferred 791 | . 125 . 666 Parts Sabotaged . | . . . . Parts Stolen . | . . . . Parts Stripped . | . . . . Power Chain Reactions . | . . . . Missiles Intercepted . | . . . . Alert | -11 -10 -9 -8 ------- Run | Scr Mat Mat Mat Peak Influence 110 | . 90 67 110 Initial 37 | . . 37 27 Average 40 | . 36 50 50 Maximum Alert Level . | . . . . Low Security (%) 100 | 100 100 100 100 Level 1 . | . . . . Level 2 . | . . . . Level 3 . | . . . . Level 4 . | . . . . Level 5 . | . . . . High Security . | . . . . Max Security . | . . . . Squads Dispatched 6 | . 2 . 4 Investigation 1 | . 1 . . Extermination . | . . . . Reinforcement 2 | . 1 . 1 Assault . | . . . . Garrison 3 | . . . 3 Intercept . | . . . . Construction Impeded 1 | . . . 1 Haulers Reinforced . | . . . . Stealth | -11 -10 -9 -8 --------- Run | Scr Mat Mat Mat Distress Signals 1 | . . . 1 Communications Jammed . | . . . . Distress Signals . | . . . . Times Spotted 19 | . 6 1 12 Peak Tracking Total 7 | . 3 1 7 Tactical Retreats 3 | . 2 . 1 Traps | -11 -10 -9 -8 ------- Run | Scr Mat Mat Mat Traps Triggered . | . . . . Indirectly . | . . . . Trap Hack Attempts . | . . . . Triggered . | . . . . Disarmed . | . . . . Reprogrammed . | . . . . Reused . | . . . . Traps Extracted . | . . . . Installed . | . . . . Triggered . | . . . . Machines | -11 -10 -9 -8 ---------- Run | Scr Mat Mat Mat Machines Disabled . | . . . . Max in Single Turn . | . . . . Machines Sabotaged . | . . . . Garrisons Compromised . | . . . . Overloaded Fab Kills . | . . . . Fab Network Shutdowns . | . . . . Hacking | -11 -10 -9 -8 --------- Run | Scr Mat Mat Mat Machines Accessed 4 | . 2 1 1 Terminals 4 | . 2 1 1 Fabricators . | . . . . Repair Stations . | . . . . Recycling Units . | . . . . Scanalyzers . | . . . . Garrison Access . | . . . . Total Hacks 13 | . 5 2 6 Successful 3 | . 1 . 2 Failed 10 | . 4 2 4 Catastrophic 1 | . . . 1 Database Lockouts . | . . . . Manual 11 | . 3 2 6 Terminals 13 | . 5 2 6 Fabricators . | . . . . Repair Stations . | . . . . Recycling Units . | . . . . Scanalyzers . | . . . . Garrison Access . | . . . . Terminal Hacks 1 | . . . 1 Unreport Threat 1 | . . . 1 Fabricator Hacks . | . . . . Repair Station Hacks . | . . . . Recycling Unit Hacks . | . . . . Scanalyzer . | . . . . Garrison Access Hacks . | . . . . Unauthorized Hacks 2 | . 1 . 1 Terminals 2 | . 1 . 1 Botnet 2 | . 1 . 1 Fabricators . | . . . . Repair Stations . | . . . . Recycling Units . | . . . . Scanalyzers . | . . . . Garrison Access . | . . . . Data Cores Recovered . | . . . . Used . | . . . . Hacking Detections 4 | . 2 1 1 Full Trace Events 1 | . 1 . . Feedback Events . | . . . . Feedback Blocked . | . . . . Robot Schematics Acquired . | . . . . Robots Built . | . . . . Matter . | . . . . Time . | . . . . Total Robot Build Rating . | . . . . Part Schematics Acquired . | . . . . Parts Built . | . . . . Matter . | . . . . Time . | . . . . Total Part Build Rating . | . . . . Parts Repaired . | . . . . Time . | . . . . Parts Recycled . | . . . . Recycled Matter . | . . . . Retrieved Matter . | . . . . Retrieved Components . | . . . . Parts Scanalyzed . | . . . . Part Schematics Acquired . | . . . . Parts Damaged . | . . . . Bothacking | -11 -10 -9 -8 ------------ Run | Scr Mat Mat Mat Used RIF Installer . | . . . . Robots Hacked . | . . . . Non-combat . | . . . . Combat . | . . . . Robot Hacks Applied . | . . . . Relay Couplers Released . | . . . . Robots Rewired . | . . . . Allies Hacked . | . . . . Hacks Repelled . | . . . . Allies | -11 -10 -9 -8 -------- Run | Scr Mat Mat Mat Total Allies . | . . . . Largest Group . | . . . . Highest-Rated Group . | . . . . Highest-Rated Ally . | . . . . Total Orders . | . . . . Ally Attacks . | . . . . Total Damage . | . . . . Kills . | . . . . Allies Corrupted . | . . . . Allies Melted . | . . . . Intel | -11 -10 -9 -8 ------- Run | Scr Mat Mat Mat Robot Analysis Total . | . . . . Derelict Logs Recovered . | . . . . Drone Launches . | . . . . Drone Recoveries . | . . . . Exploration | -11 -10 -9 -8 ------------- Run | Scr Mat Mat Mat Turns Passed 451 | 57 100 134 160 Spaces Moved 377 | 43 94 148 92 Core 20 | 20 . . . Treads . | . . . . Legs . | . . . . Wheels 357 | 23 94 148 92 Hover . | . . . . Flight . | . . . . Fastest Speed 50 | 50 80 80 90 Average Speed 84 | 81 80 83 91 Slowest Speed 100 | 100 80 90 100 Overloaded Moves . | . . . . Propulsion Burnouts . | . . . . Robots Hopped . | . . . . Cave-ins Triggered . | . . . . Exploration Rate (%) 13 | 4 21 17 13 Regions Visited 3 Branch Regions . Pre-discovered Areas . | . . . . Known Exits Taken . | . . . . Unknown Exits Taken 3 | 1 1 1 . Scrap Searched . | . . . . Spaces Dug . | . . . . Terrain Destroyed . | . . . . Melee . | . . . . Projectile . | . . . . AOE . | . . . . Terrain Rammed . | . . . . Walls Destroyed . | . . . . Machines Disabled . | . . . . Actions | -11 -10 -9 -8 --------- Run | Scr Mat Mat Mat Total 462 | 64 102 159 137 Wait 30 | 8 . . 22 Move 374 | 42 93 147 92 Hop . | . . . . Pick Up 10 | 8 . 2 . Fast Attach 4 | . . 4 . Attach 6 | 5 . . 1 Detach . | . . . . Swap 3 | 1 . 1 1 Drop 5 | . . 5 . Fire 24 | . 9 . 15 Melee . | . . . . Ram 1 | . . . 1 Kick . | . . . . Crush . | . . . . Escape Stasis . | . . . . Rewire . | . . . . Trap . | . . . . Miscellaneous 5 | . . . 5 Route ------- -11/Scrapyard -10/Materials -9/Materials -8/Materials History --------- Turn | Location | Event 1 | -11/Scrapyard | Upgraded with Propulsion slot (x1) 1 | -11/Scrapyard | Upgraded with Utility slot (x1) 1 | -11/Scrapyard | Upgraded with Weapon slot (x1) 9 | -11/Scrapyard | Discovered new exit (range 16) 58 | -11/Scrapyard | Entered Materials 124 | -10/Materials | Discovered new exit (range 16) 158 | -10/Materials | Entered another Materials area 160 | -9/Materials | Reached level 2 275 | -9/Materials | Discovered new exit (range 12) 292 | -9/Materials | Entered another Materials area 294 | -8/Materials | Reached level 3 301 | -8/Materials | Upgraded with Utility slot (x1) 322 | -8/Materials | Build established: Mutant 426 | -8/Materials | Core integrity fell below 50% 445 | -8/Materials | Core integrity fell below 20% 452 | -8/Materials | Destroyed by Y-45 Defender with Heavy Assault Rifle Last Messages --------------- 00378_ Power failure, Lgt. Deuterium Engine shutdown. 00378_ R-06 Scavenger collects Lgt. Nuclear Core. 00381_ R-06 Scavenger collects Beam Rifle. 00386_ R-06 Scavenger collects Imp. Heat Sink. 00403_ Atomic Centrifuge disabled. 00422_ Overheating: Energy bleed (-70). 00422_ R-06 Scavenger collects Lgt. Treads. 00423_ Overheating: Energy bleed (-57). 00425_ Overheating: System interference. 00425_ Particle Gun temporarily disabled. 00428_ Power failure, Lgt. Deuterium Engine shutdown. 00428_ Slammed into U-05 Engineer. 00428_ Wheel permanently disabled. 00428_ Destabilizing: Short circuit. 00428_ ALERT: Construction progress impeded, dispatching reinforcements to local area. 00429_ U-05 Engineer builds a Door. 00437_ Power failure, Lgt. Deuterium Engine shutdown. 00440_ Overheating: Matter decay (-53). 00445_ S-10 Pest destroyed. Map ----- +----------------------------------------------------+ | ??? ^ ??????# #?????????????????????????????? | | ??? """ ?????# #?????????????????????????????? | | ??? "G == ????# #?????????????????????????????? | | ?# """ = ##### #########?????????????????????? | | ?+ +?????????????????????? | | ?# [ ########?????????????????????? | | ?# ##### %#????????????????????????????? | | ?????????#########+########??????????????????????? | | ??????????????# % + ???????????????? | | ??????????????# """ ###???????????????????????? | | ??????????????# """ #?????????????????????????? | | ??????????????# "" #?????????????????????????? | | ??????????????# ! #####?????????????????????? | | ??????????????# """ / #?????????????????????? | | ??????????????# """ ## #?????????????????????? | | ??????????????# ## ##????????????????????? | | ??????????????# ##Y +????????????????????? | | ??????????????###########Y g#????????????????????? | | ????????????????????????# s #????????????????????? | | ????????????????????????# +????????????????????? | | ????????????????????????#%%=#????????????????????? | | ????????????????????????#*[ #????????????????????? | | ???????????????????????## ##???????????????????? | | ???????????????????????# #???????????????????? | | ???????????????????????# Y #???????????????????? | | ???????????????????????+ @ #???????????????????? | | ???????????????????????# #???????????????????? | | ???????????????????????# #???????????????????? | | ???????????????????????##a ##???????????????????? | | ????????????????????????# r#????????????????????? | | ????????????????????????# #????????????????????? | | ????????????????????????# #????????????????????? | | ????????????????????????# #????????????????????? | | ????????????????????????# #????????????????????? | | ????????????????????????# #????????????????????? | | ???????????????????????? !????????????????????? | | ???????????????????????? T ????????????????????? | | ???????????????????????? "" ! ???????????????????? | | ???????????????????????? ???????????????????? | | ???????????????????????? #???????????????????? | | ????????????????????????##+###???????????????????? | | ?????????????????????????????????????????????????? | | ?????????????????????????????????????????????????? | | ?????????????????????????????????????????????????? | | ?????????????????????????????????????????????????? | | ?????????????????????????????????????????????????? | | ?????????????????????????????????????????????????? | | ?????????????????????????????????????????????????? | | ?????????????????????????????????????????????????? | | ?????????????????????????????????????????????????? | +----------------------------------------------------+ Best States ------------- Heat Dissipation 25 Energy Generation 14 Energy Capacity 440 Matter Stores 300 Matter Capacity 300 Sight Range 18 Terrain Scan Density 10 Armor Coverage 150 Resistance: KI 20 Resistance: TH 5 Resistance: EX 5 Evasion (%) 44 Offensive Hacking 10 Item Schematics ----------------- None Robot Schematics ------------------ None Fabricated ------------ Nothing Alien Tech Used ----------------- None Achievements -------------- None Challenges ------------ None RPGLIKE | -11 -10 -9 -8 --------- Run | Scr Mat Mat Mat Levels Raised 2 | . . 1 1 XP Earned 6700 | 3000 375 1500 1825 XP Spent 5975 | 3000 . 1475 1500 Upgrades 17 | 6 . 8 3 Propulsion Slot 1 | 1 . . . Utility Slot 2 | 1 . . 1 Weapon Slot 1 | 1 . . . Core Integrity 1 | . . 1 . Inventory Capacity 3 | 3 . . . Sight Range 2 | . . 2 . Hack Attack % 2 | . . 2 . KI Resistance % 1 | . . 1 . TH Resistance % 1 | . . 1 . EX Resistance % 1 | . . 1 . TH Damage % 2 | . . . 2 Protomatter Created 42 | . . . 42 Integrity Restored 120 | . . . 120 Core 120 | . . . 120 Protomatter Decayed . | . . . . Game ------ Seed SpreadControlReconfigurator Manual? 0 Play Time 00:10:44 Cumulative 70.0 hours Start 2020.10.29 @ 22:20:26 End 2020.10.29 @ 22:28:59 Sessions 1 Manual Loads 0 Difficulty Rogue Special Mode Winter2019/RPGLIKE Game No. 106 Rogue 106 Adventurer 0 Explorer 0 Win Type - Total 1 Types 1/0/0/0/0/0/0/0/0 Lore% 35 Gallery% 45 Achievement% 39 Wizard Run 0 Options --------- ASCII 0 Keyboard 0 Movement Mouse Keybinds 0 Fullscreen 2 Font 18/X11 Map View 76x50 Tactical HUD 1 Map Filters NONE Filters NONE Steam 1 RUN: 3ba645b4-2e45-4a69-9af1-a913320f0781